Map: Ghost River LE

Players

PUSS - Winner!

  • Race: Protoss Protoss
  • Spawn Location: 1:00

VOD

Have the link to the VOD?

Description

Time

  • Played on: April 28, 2024, 7:30 p.m.
  • Length: 10:27
Show
View Real Time Build Order
Export as new Build Order

PUSS Protoss - Winner!

Build Orders:  

Get SALT Encoding   

  12  0:03  Probe (Chrono Boost)  
  14  0:20  Probe (Chrono Boost)  
  14  0:27  Pylon  
  14  0:37  Probe (Chrono Boost)  
  15  0:55  Probe (Chrono Boost)  
  16  1:01  Gateway  
  16  1:09  Assimilator  
  17  1:12  Probe (Chrono Boost)  
  17  1:29  Probe (Chrono Boost)  
  18  1:46  Probe (Chrono Boost)  
  19  1:54  Pylon  
  19  2:03  Probe (Chrono Boost)  
  19  2:09  Cybernetics Core  
  20  2:19  Probe (Chrono Boost)  
  21  2:31  Nexus  
  22  2:42  Probe (Chrono Boost)  
  22  2:47  Assimilator  
  22  2:57  Probe (Chrono Boost)  
  23  3:28  Gateway x2  
  23  3:33  Gateway  
  23  3:44  Probe  
  24  3:59  Warp Gate (Chrono Boost)  
  24  4:10  Probe  
  24  4:12  Probe  
  26  4:27  Probe  
  26  4:29  Probe  
  28  4:44  Probe  
  28  4:46  Probe  
  30  5:01  Probe  
  30  5:02  Pylon  
  30  5:03  Stalker, Probe  
  30  5:04  Stalker x2  
  30  5:05  Stalker  
  30  5:09  Pylon  
  40  5:18  Probe  
  40  5:19  Probe  
  42  5:35  Probe  
  43  5:42  Stalker  
  43  5:43  Stalker x2  
  49  5:53  Stalker  
  51  6:25  Twilight Council  
  51  6:30  Gateway  
  51  6:33  Gateway, Stalker x3  
  51  6:34  Stalker  
  59  6:44  Probe x2  
  53  7:30  Stalker x4  
  51  8:46  Stalker x4  
  51  8:47  Stalker  
  61  8:58  Pylon  
  61  9:01  Pylon  
  61  9:03  Pylon  
Tags
 
Add a new tag
Caveats
  • Supply blocks, unpowered buildings, or Contaminate may cause inaccurate times.
  • Supply counts are checked every 10 seconds.